 Dungeon Crawl Stone Soup version 0.27.1-1-g398f81649c (webtiles) character file.

Game seed: 8387650086043853476

53 Rickety the Magician (level 3, 0/19 HPs)
             Began as a Deep Elf Hedge Wizard on Sept 21, 2021.
             Slain by an orc priest (3 damage)
             ... on level 2 of the Dungeon.
             The game lasted 00:05:12 (3058 turns).

Rickety the Magician (Deep Elf Hedge Wizard)        Turns: 3058, Time: 00:05:13

Health: 0/19       AC:  2    Str:  7    XL:     3   Next: 64%
Magic:  3/11       EV: 12    Int: 19    God:
Gold:   125        SH:  0    Dex: 14    Spells: 1/12 levels left

rFire    . . .     SeeInvis +   a - +0 dagger
rCold    . . .     Faith    .   (no shield)
rNeg     . . .     Spirit   .   b - +0 robe
rPois    .         Reflect  .   c - +0 hat
rElec    .         Harm     .   (no cloak)
rCorr    .         Rampage  .   (no gloves)
Will     .....                  (no boots)
Stlth    ++........             (no amulet)
HPRegen  0.06/turn              m - ring of see invisible
MPRegen  0.12/turn              (no ring)

@: very slightly contaminated
A: no striking features
a: no special abilities


You were on level 2 of the Dungeon.
You visited 1 branch of the dungeon, and saw 3 of its levels.

You collected 125 gold pieces.

Inventory:

Hand Weapons
 a - a +0 dagger (weapon)
Missiles
 f - 30 poisoned darts
Armour
 b - a +0 robe (worn)
 c - a +0 hat (worn)
Jewellery
 m - a ring of see invisible (left hand)
Scrolls
 d - a scroll of teleportation {unknown}
 g - 4 scrolls of identify {unknown}
 h - a scroll of immolation {unknown}
 i - 2 scrolls of vulnerability {unknown}
 j - 2 scrolls of enchant armour {unknown}
 k - a scroll of enchant weapon {unknown}
Potions
 e - 2 potions of curing {unknown}
 l - a potion of berserk rage {unknown}


   Skills:
 + Level 0.1 Fighting
 + Level 2.7 Dodging
 + Level 2.9 Stealth
 * Level 5.4 Spellcasting
 * Level 2.0 Conjurations
 * Level 1.3 Summonings
 * Level 1.1 Translocations
 * Level 0.3 Poison Magic


You had one spell level left.
You knew the following spells:

 Your Spells              Type           Power      Damage    Failure   Level
a - Magic Dart            Conj           48%        1d5       4%          1
b - Blink                 Tloc           N/A        N/A       11%         2
c - Call Imp              Summ           10%        N/A       11%         2
d - Mephitic Cloud        Conj/Pois/Air  8%         N/A       26%         3
f - Conjure Flame         Conj/Fire      9%         6-21      24%         3

Your spell library contained the following spells:

 Spells                   Type           Power      Damage    Failure   Level
 Slow                     Hex            5%         N/A       19%         2


Dungeon Overview and Level Annotations

Branches:
Dungeon (3/15)

Altars:


Message History

The magic dart hits the bat.
You kill the bat!
You climb upwards.
There is a stone staircase leading down here.
There is an open door here.
Magic restored.
There is a stone staircase leading down here.
You climb downwards.
The orc shouts! x3; The orc priest shouts!
The orc priest barely misses you.
There is a stone staircase leading up here.
The orc hits you with a +0 whip. The orc priest hits you with a +0 club.
The orc closely misses you.
You climb upwards.
There is a stone staircase leading down here.
Casting: Magic Dart (safe; 4% risk of failure)
Confirm with . or Enter, or press ? or * to list all spells.
Okay, then.
Casting: Magic Dart (safe; 4% risk of failure)
Confirm with . or Enter, or press ? or * to list all spells.
You blink.
The orc priest looks braver for a moment.
Casting: Blink (safe; 11% risk of failure)
Confirm with . or Enter, or press ? or * to list all spells.
A beastly little devil appears in a puff of flame.
The orc hits you with a +0 whip.
Your crimson imp hits the orc priest.
Your crimson imp hits the orc.
Casting: Call Imp (safe; 11% risk of failure)
Confirm with . or Enter, or press ? or * to list all spells.
You miscast Call Imp.
You are very lightly contaminated with residual magic.
Nothing appears to happen.
The orc priest barely misses you. The orc barely misses you.
The orc hits you with a +0 hand axe.
* * * LOW HITPOINT WARNING * * *
Casting: Call Imp (safe; 11% risk of failure)
Confirm with . or Enter, or press ? or * to list all spells.
A beastly little devil appears in a puff of frigid air.
Your crimson imp blinks!
The orc priest hits you with a +0 club.
You die...

######## #......#
#################o§....#
.............5..@o5...>#
.################o.....#
.# #......####### .##
#............# ..#
############.## #.# #.)#
♣.♣ ##.# ..♣ #.# ♣♣♣
♣♣♣♣♣♣♣♣♣♣♣ #.#


You could see an orc priest (ally target), 2 orcs, a friendly crimson imp
(summoned) and a friendly white imp (summoned).

Vanquished Creatures
  A dart slug (D:1)
  4 endoplasms
  2 giant cockroaches (D:2)
  2 goblins (D:1)
  4 hobgoblins
  2 quokkas (D:1)
  3 ball pythons (D:2)
  3 bats
  2 frilled lizards (D:2)
  2 kobolds (D:2)
  2 rats
27 creatures vanquished.

Vanquished Creatures (collateral kills)
  2 adders
  2 worms (D:2)
  A giant cockroach (D:2)
  A hobgoblin (D:1)
6 creatures vanquished.

Vanquished Creatures (others)
  5 toadstools (D:1)
5 creatures vanquished.

Grand Total: 38 creatures vanquished

Notes
Turn   | Place    | Note
-------+----------+-------------------------------------------
     0 | D:1      | Rickety the Deep Elf Hedge Wizard began the quest for the
                  | Orb.
     0 | D:1      | Reached XP level 1. HP: 10/10 MP: 7/7
   401 | D:1      | Reached skill level 5 in Spellcasting
   401 | D:1      | Reached XP level 2. HP: 15/15 MP: 2/10
   404 | D:1      | Learned a level 2 spell: Blink
   407 | D:1      | Learned a level 2 spell: Call Imp
  1553 | D:2      | Reached XP level 3. HP: 19/19 MP: 6/11
  1557 | D:2      | Learned a level 3 spell: Conjure Flame
  1561 | D:2      | Learned a level 3 spell: Mephitic Cloud
  3058 | D:2      | Slain by an orc priest

Illustrated notes

Levels and vault maps discovered:
D:1:      ldierk_walled_garden, layout_basic, serial_forest,
          infiniplex_forest_clump_curved, infiniplex_forest_clump_tiny,
          infiniplex_forest_clump_curved, infiniplex_forest_straight_5,
          infiniplex_forest_straight_4, infiniplex_forest_fountain,
          infiniplex_forest_lined_room_2, serial_bayou_crossing
D:2:      kb_forest_paths, layout_basic
D:3:      layout_loops_ring, biasface_ghost_orc_armoury, minivault_25,
          corexii_item_surrounded_by_moat

Skill      XL: |  1  2  3 |
---------------+----------+-----
Spellcasting   | 5 |  5.4
Conjurations   | 2 |  2.0
Fighting       | |  0.1
Dodging        | |  2.7
Stealth        | |  2.9
Summonings     | |  1.3
Translocations | |  1.1
Poison Magic   | |  0.3

Action                   || total
-------------------------++-------
Melee: Dagger            ||    16
 Cast: Magic Dart        ||    76
       Call Imp          ||    10
       Blink             ||     1
 Stab: Sleeping          ||     2
Armor: Robe              ||     5
Dodge: Dodged            ||    22
